 Dungeon Crawl Stone Soup version 0.31-a0-339-gda1cbd555d (webtiles) character file.

Game seed: 10145536720004887967

1678915 Shard1697 the Acrobat (level 25, 208/208 HPs)
             Began as a Black Draconian Shapeshifter on July 20, 2023.
             Was an Initiate of Gozag.
             Escaped with the Orb
             ... and 3 runes!
             The game lasted 02:03:19 (65502 turns).

Shard1697 the Acrobat (DrSh)                       Turns: 65502, Time: 02:03:19

Health: 208/208    AC: 24    Str: 20    XL:     25   Next: 32%
Magic:  23/23      EV: 36    Int:  8    God:    Gozag
Gold:   11847      SH: 21    Dex: 23    Spells: 19/24 levels left

rFire   + + .        a - +18 lance "Wyrmbane" {slay drac, rPois rF+ rC+ AC+3}
rCold   + + .        j - +5 kite shield
rNeg    . . .        (body armour unavailable)
rPois   +            r - +2 hat
rElec   +            U - +2 cloak {Will+}
rCorr   +            B - +0 pair of fencer's gloves {Riposte Dex+3}
SInv    .            n - +2 pair of boots {Stlth+}
Will    ++++.        h - amulet "Hotwouri" {Harm Will+ Regen+}
Stlth   ++           A - +5 ring of evasion
HPRegen 1.34/turn    g - ring "Joetuli" {rPois Will+ rCorr Slay+2}
MPRegen 0.18/turn

%: harm (+30% outgoing, +20% incoming)
@: gold aura, flying, studying 2 skills
A: breathe lightning, AC +12, unfitting armour, big wings, electricity
resistance, cold-blooded, cold resistance 1, dopey 1, fire resistance 1, frail
1, wild magic 1
0: Orb of Zot
}: 3/15 runes: decaying, abyssal, gossamer
a: Breathe Lightning, Renounce Religion, Potion Petition, Call Merchant, Bribe
Branch


You escaped.
You worshipped Gozag.
Gozag was extremely pleased with you.
You visited 10 branches of the dungeon, and saw 47 of its levels.
You visited the Abyss 1 time.
You also visited: Ossuary, Bailey, Ice Cave and Wizlab.

You collected 21686 gold pieces.
You spent 3091 gold pieces at shops.
You paid 6748 gold pieces to Gozag.

Inventory:

Hand Weapons
 a - the +18 lance "Wyrmbane" (weapon) {slay drac, rPois rF+ rC+ AC+3}
   (You took it off Maggie on level 7 of the Dungeon)

   AC:        It affects your AC (+3).
   rF:        It protects you from fire.
   rC:        It protects you from cold.
   rPois:     It protects you from poison.
 b - the +8 short sword of the Transmuting Gods {heavy, +Blink rN++}
   (You found it on level 2 of the Vaults)

   rN:        It greatly protects you from negative energy.
   +Blink:    It lets you blink.
 c - the +12 glaive of Prune {freeze, Prune}
   (You bought it in a shop on level 2 of the Dungeon)

   Prune:     It halves damage taken while paralysed, petrified or unconscious.
 S - the +5 broad axe of the Saviour {freeze, Dex+8}
   (You found it on level 10 of the Dungeon)

   Dex:       It affects your dexterity (+8).
Missiles
 s - 3 throwing nets
Armour
 j - a +5 kite shield (worn)
 n - a +2 pair of boots of stealth (worn)
 r - a +2 hat (worn)
 B - the +0 pair of fencer's gloves (worn) {Riposte Dex+3}
   (You acquired it on level 2 of the Orcish Mines)

   Riposte:   It allows the wearer to riposte with melee weapons, swiftly
   retaliating against missed or blocked melee attacks.
   Dex:       It affects your dexterity (+3).
 U - a +2 cloak of willpower (worn)
Jewellery
 g - the ring "Joetuli" (right hand) {rPois Will+ rCorr Slay+2}
   (You found it on level 2 of the Vaults)

   [ring of resist corrosion]

   Slay:      It affects your accuracy & damage with ranged weapons and melee
   (+2).
   rPois:     It protects you from poison.
   rCorr:     It protects you from acid and corrosion.
   Will:      It increases your willpower.
 h - the amulet "Hotwouri" (around neck) {Harm Will+ Regen+}
   (You found it on level 4 of the Spider Nest)

   [amulet of regeneration]

   Regen:     It increases your rate of health regeneration.
   Harm:      It increases damage dealt and taken.
   Will:      It increases your willpower.
 l - a ring of protection from fire
 w - the ring "Aveamimm" {rC+ Dex+6}
   (You found it on level 4 of the Depths)

   [ring of dexterity]

   Dex:       It affects your dexterity (+6).
   rC:        It protects you from cold.
 z - a ring of see invisible
 A - a +5 ring of evasion (left hand)
 Q - the ring of Doyshriawk {rN+ Int+3}
   (You took it off a skeletal warrior on level 3 of the Crypt)

   [ring of positive energy]

   Int:       It affects your intelligence (+3).
   rN:        It protects you from negative energy.
 T - a +5 ring of evasion
 X - an amulet of reflection
Wands
 G - a wand of paralysis (34)
 I - a wand of iceblast (22)
 J - a wand of acid (15)
 N - a wand of digging (19)
 R - a wand of polymorph (16)
 V - a wand of mindburst (2)
Scrolls
 f - 19 scrolls of teleportation
 i - a scroll of blinking
 k - 10 scrolls of fear
 p - 24 scrolls of identify
 q - 2 scrolls of fog
 x - 2 scrolls of amnesia
 y - a scroll of enchant weapon
 M - 6 scrolls of enchant armour
 P - a scroll of butterflies
 W - 2 scrolls of revelation
 Y - a scroll of silence
Potions
 d - 4 potions of might
 e - 14 potions of curing
 m - a potion of berserk rage
 o - 3 potions of haste
 t - a potion of cancellation
 u - 6 potions of lignification
 v - 2 potions of brilliance
 C - a potion of mutation
 E - a potion of enlightenment
 K - 17 potions of ambrosia
 L - 7 potions of resistance
 O - 5 potions of magic
Miscellaneous
 D - a sack of spiders
 F - a phantom mirror
 H - a tin of tremorstones (2/2)


   Skills:
 + Level 20.3 Fighting
 - Level 22.2 Polearms
 - Level 8.8 Throwing
 + Level 22.7 Dodging
 - Level 7.8 Stealth
 + Level 16.9 Shields
 - Level 4.9 Unarmed Combat
 - Level 16.3 Evocations
 - Level 3.0 Shapeshifting


You had 19 spell levels left.
You knew the following spells:

 Your Spells              Type           Power      Damage    Failure   Level
a - Summon Mana Viper     Hex/Summ       0%         N/A       100%        5

Your spell library contained the following spells:

 Spells                   Type           Power      Damage    Failure   Level
 Apportation              Tloc           0%         N/A       63%         1
 Freeze                   Ice            0%         1d3       63%         1
 Magic Dart               Conj           0%         1d3       63%         1
 Necrotise                Necr           0%         1d4       63%         1
 Sandblast                Erth           0%         2d4       63%         1
 Summon Small Mammal      Summ           0%         N/A       63%         1
 Blink                    Tloc           0%         N/A       75%         2
 Cigotuvi's Dreadful Rot  Necr/Pois/Air  0%         N/A       75%         2
 Ensorcelled Hibernation  Hex/Ice        0%         N/A       75%         2
 Lesser Beckoning         Tloc           0%         N/A       75%         2
 Momentum Strike          Conj/Tloc      0%         3d8       75%         2
 Passwall                 Tmut/Erth      0%         N/A       75%         2
 Searing Ray              Conj           0%         2d4       75%         2
 Wereblood                Tmut           0%         N/A       75%         2
 Call Canine Familiar     Summ           0%         N/A       92%         3
 Dazzling Flash           Conj/Hex       0%         N/A       92%         3
 Frozen Ramparts          Ice            0%         1d1       92%         3
 Gell's Gravitas          Tloc           0%         N/A       92%         3
 Hailstorm                Conj/Ice       0%         3d3       92%         3
 Ignite Poison            Fire/Tmut/Pois 0%         N/A       92%         3
 Ozocubu's Armour         Ice            0%         N/A       92%         3
 Stone Arrow              Conj/Erth      0%         3d7       92%         3
 Summon Guardian Golem    Hex/Summ       0%         N/A       92%         3
 Swiftness                Air            0%         N/A       92%         3
 Teleport Other           Tloc           0%         N/A       92%         3
 Anguish                  Hex/Necr       0%         N/A       100%        4
 Cause Fear               Hex            0%         N/A       100%        4
 Dispel Undead            Necr           0%         3d6       100%        4
 Fulminant Prism          Conj/Hex       0%         3d5       100%        4
 Olgreb's Toxic Radiance  Pois           0%         N/A       100%        4
 Petrify                  Tmut/Erth      0%         N/A       100%        4
 Sticky Flame             Conj/Fire      0%         2d3       100%        4
 Summon Ice Beast         Ice/Summ       0%         N/A       100%        4
 Agony                    Necr           0%         N/A       100%        5
 Alistair's Intoxication  Tmut/Pois      0%         N/A       100%        5
 Borgnjor's Vile Clutch   Necr/Erth      0%         N/A       100%        5
 Fireball                 Conj/Fire      0%         3d3       100%        5
 Irradiate                Conj/Tmut      0%         3d11      100%        5
 Metabolic Englaciation   Hex/Ice        0%         N/A       100%        5
 Silence                  Hex/Air        0%         N/A       100%        5
 Summon Forest            Summ/Tloc      0%         N/A       100%        5
 Death Channel            Necr           0%         N/A       100%        6
 Eringya's Noxious Bog    Tmut/Pois      0%         4d6       100%        6
 Summon Cactus Giant      Summ           0%         N/A       100%        6
 Monstrous Menagerie      Summ           0%         N/A       100%        7
 Discord                  Hex            0%         N/A       100%        8
 Ignition                 Fire           0%         3d3       100%        8
 Infestation              Necr           0%         N/A       100%        8
 Dragon's Call            Summ           0%         N/A       100%        9


Dungeon Overview and Level Annotations

Branches:
Dungeon (15/15)            Temple (1/1) D:4            Lair (5/5) D:11
  Swamp (4/4) Lair:3       Spider (4/4) Lair:3        Slime (0/5) Lair:4
    Orc (2/2) D:12            Elf (0/3) Orc:2        Vaults (4/5) D:14
  Crypt (3/3) Vaults:3       Tomb (0/3) Crypt:3      Depths (4/4) D:15
    Zot (5/5) Depths:4    Ossuary (visited)          Bailey (visited)
  IceCv (visited)          WizLab (visited)

Altars:
Ashenzari
Cheibriados
Dithmenos
Elyvilon
Fedhas
Gozag
Hepliaklqana
Kikubaaqudgha
Makhleb
Nemelex Xobeh
Okawaru
Qazlal
Ru
Sif Muna
Trog
Uskayaw
Vehumet
Wu Jian
Xom
Yredelemnul
Zin
The Shining One
Jiyva

Shops:
D:2 (   D:12 *   Orc:2 (:[*   Vaults:2 *   Vaults:4 :   Depths:1 *   Depths:4 ?

Portals:
Hell: Depths:1 Depths:2 Depths:3 Depths:4
Abyss: Depths:2 Depths:3
Pandemonium: Depths:2
Ziggurat: Depths:1
Trove: D:14 (give 16 scrolls of teleportation)

Annotations:
D:8 2 transporters, exclusions: lindwurm and 8 more exclusions, holysushi's ghost, novice OpSh
D:15 Roxanne
Vaults:1 2 transporters, Gelion's ghost, adept TrSh
Crypt:2 1 runed translucent door, Zievuyg's ghost, adept MiFi
Crypt:3 exclusion: 3 doors
Depths:3 2 transporters


Innate Abilities, Weirdness & Mutations

You can breathe wild blasts of lightning.
Your glossy black scales are hard. (AC +12)
You cannot fit into any form of body armour.
Your large and strong wings let you fly.
You are resistant to electric shocks. (rElec)
You are cold-blooded and may be slowed by cold attacks.
Your flesh is cold resistant. (rC+)
You are dopey. (Int -2)
Your flesh is heat resistant. (rF+)
You are frail. (-10% HP)
Your spells are a little harder to cast, but a little more powerful.


Message History

You now have 11840 gold pieces (gained 12).
Deactivating autopickup; reactivate with Ctrl-A.
You hit something but do no damage. You tail-slap something.
Something barely misses you.
You hit something but do no damage. You tail-slap something.
You puncture something! Something barely misses you.
You hit something but do no damage. You puncture something!
You block something's attack.
You riposte.
You closely miss something. You tail-slap something. You puncture something!
Your tail-slap misses something.
You miss something. Something closely misses you.
You completely miss something. You tail-slap something. Something misses you.
You puncture something! You miss something. You block something's attack.
You puncture something! You impale something!!
Reactivating autopickup.
You feel a bit more experienced.
You now have 11847 gold pieces (gained 7).
A large abomination comes into view.
The large abomination completely misses you.
There is a staircase leading out of the dungeon here.
You hit the large abomination.
You tail-slap the large abomination, but do no damage.
The large abomination is lightly damaged.
You block the large abomination's attack.
You puncture the large abomination!
The large abomination is moderately damaged.
You barely miss the large abomination.
The large abomination is moderately damaged.
You block the large abomination's attack.
You puncture the large abomination!
Your tail-slap misses the large abomination.
The large abomination is severely damaged.
You block the large abomination's attack.
You hit the large abomination.
The large abomination is almost destroyed.
You puncture the large abomination!
You destroy the large abomination!
You have escaped!

######.#####..'#.###......#######
.............##...###............
######.#######.....+##'###.......
#^# ##.......##..##....... #.#
##.........##..#....... ######.#
##...........##.(....... .......#
#.............##...$.... ########
#.............#####.....
#.....[@......#.........
#......$....).#.###.....
#.............#.........
#'...........###.####...
###.........##..........
##.......##....#######
##.....###.........## ###.#+#
#.........## #########.#.#
#.........'.


There were no monsters in sight!

Vanquished Creatures
  3 dread liches
  Tiamat (Zot:4)
  5 orbs of fire (Zot:5)
  4 ancient liches (Zot:5)
  Mara (Vaults:3)
  Sojobo (Crypt:1)
  Bai Suzhen (Depths:1)
  3 Killer Klowns
  The ghost of derpindaisy the Slayer, a veteran MiFi of Jiyva (Zot:5)
  Parghit (Zot:4)
  2 curse toes (Zot:4)
  A caustic shrike (Depths:3)
  Nikola (Vaults:2)
  Arachne (Spider:2)
  4 golden dragons
  2 bone dragons
  4 electric golems
  4 liches
  13 tentacled monstrosities
  A Hell Sentinel (D:1)
  Mlioglotl (Spider:2)
  Jorgrun (Spider:2)
  Zenata (Vaults:3)
  25 Orb Guardians
  Asterion (D:15)
  6 ancient champions
  4 quicksilver dragons
  10 death cobs
  A walking divine tome (Depths:4)
  An Executioner (Abyss:3)
  A thorn hunter (Swamp:1)
  4 sphinxes
  11 storm dragons
  Aizul (Swamp:3)
  Agnes (Spider:4)
  Frances (Spider:1)
  5 shadow dragons
  2 tengu reavers (Crypt:1)
  6 draconian monks
  2 revenants
  Donald (Swamp:3)
  5 emperor scorpions
  A fenstrider witch (Swamp:4)
  2 fire giants (Depths:4)
  5 frost giants
  7 vault wardens
  A draconian scorcher (Zot:4)
  6 draconian shifters
  6 ghost moths
  A ghoul (Crypt:2)
  6 spectral caustic shrikes (Depths:2)
  2 curse skulls
  2 orc warlords
  A juggernaut skeleton (Crypt:3)
  3 cacodemons (Abyss:3)
  A reaper (Crypt:3)
  6 draconian stormcallers
  14 very ugly things
  5 draconian annihilators
  2 angels
  A war gargoyle (Vaults:1)
  The ghost of Gesaczie the Severer, a journeyman MiFi of Ru (Lair:3)
  A broodmother (Spider:4)
  8 stone giants
  11 ironbound preservers
  4 formless jellyfish
  10 ironbound thunderhulks
  4 vampire knights
  14 green draconians
  A lorocyproca (D:1)
  8 dire elephants
  17 black draconians
  3 eleionomae
  8 white draconians
  11 spark wasps
  Azrael (Spider:1)
  4 bunyips
  7 red draconians
  8 yellow draconians
  8 eidola
  The ghost of Gamaf the Peltast, a journeyman MiFi of Trog (Lair:3)
  8 purple draconians
  An orange crystal statue (WizLab)
  2 deep elf death magi
  Snorg (Orc:2)
  A blizzard demon (D:7)
  A spectral golden dragon (Zot:5)
  The ghost of Uleac the Purveyor of Pain, a journeyman DsNe of Kikubaaqudgha (Lair:3)
  3 shambling mangroves
  4 fire dragons (Depths:4)
  12 jiangshi
  The ghost of Woxeffutu the Covert, a journeyman VSBr of Uskayaw (Lair:3)
  8 ettins
  Josephine (D:14)
  10 yaktaur captains
  6 entropy weavers
  8 vault guards
  5 great orbs of eyes
  8 ironbound frosthearts
  10 ice dragons
  16 hydras
  A salamander tyrant (Depths:3)
  A hell beast (Depths:3)
  A great orb of eyes (shapeshifter) (Depths:4)
  A catoblepas (Lair:5)
  7 centaur warriors
  2 jorogumos
  2 peacekeepers
  4 rakshasas (D:15)
  A radroach (Spider:1)
  2 spriggan air magi
  Erica (Orc:1)
  2 death knights
  13 death yaks
  2 ghost crabs (Swamp:2)
  2 two-headed ogres
  An anaconda (Lair:5)
  2 boulder beetles
  4 deep troll shamans
  A hell hog (Depths:3)
  11 alligators
  9 vampire magi
  9 spriggan berserkers
  A deep troll earth mage (Depths:1)
  15 demonic crawlers
  3 orc high priests
  8 tengu warriors
  A spectral storm dragon (Zot:5)
  3 sun demons (D:8)
  9 thrashing horrors
  A quicksilver ooze zombie (Crypt:1)
  A titan skeleton (Crypt:3)
  2 soul eaters
  2 fire crabs (Lair:5)
  5 hell knights (Depths:3)
  A storm dragon zombie (Crypt:3)
  10 pharaoh ants
  A salamander mystic (Depths:4)
  A spectral yellow draconian (Zot:5)
  A death drake (Swamp:3)
  2 skysharks
  A ghost moth zombie (Crypt:2)
  4 shadow wraiths
  2 sixfirhies (Zot:3)
  35 deep trolls
  An iron troll (Depths:3)
  A wretched star (Abyss:3)
  5 sun moths
  4 goliath frogs
  25 skeletal warriors
  3 flayed ghosts
  2 bog bodies
  3 spriggan druids
  7 orb spiders
  7 glowing orange brains
  9 swamp dragons
  17 lindwurms
  2 necromancers
  6 phantasmal warriors
  A golden dragon skeleton (Crypt:2)
  9 steelbarb worms
  5 wizards
  8 orc knights
  14 ironbound convokers
  An iron dragon zombie (Crypt:3)
  2 oklob plants
  25 wolf spiders
  4 orc sorcerers
  17 ugly things
  2 shining eyes (Abyss:3)
  23 moths of wrath
  3 manticores
  3 will-o-the-wisps
  A salamander (shapeshifter) (D:15)
  10 elephants
  2 cyclopes
  An iron dragon skeleton (Crypt:1)
  11 vault sentinels
  Joseph (D:12)
  7 black mambas
  An orange demon (Depths:2)
  5 salamanders
  Maggie (D:7)
  7 torpor snails
  A storm dragon simulacrum (Zot:5)
  A smoke demon (Abyss:3)
  25 large abominations
  2 gargoyles
  An unseen horror (shapeshifter) (D:14)
  A centaur skeleton (Crypt:3)
  A dire elephant skeleton (Crypt:2)
  8 cane toads
  2 unseen horrors
  A catoblepas zombie (Crypt:1)
  6 freezing wraiths
  A yaktaur (shapeshifter) (D:15)
  4 rime drakes
  3 kobold demonologists
  8 komodo dragons
  17 yaktaurs
  Psyche (D:10)
  A bunyip simulacrum (Crypt:1)
  An unseen horror skeleton (Crypt:3)
  A rime drake (shapeshifter) (D:13)
  2 ancient zymes (Abyss:3)
  A tormentor (Zot:2)
  A ghost moth simulacrum (Zot:5)
  A hydra zombie (Abyss:3)
  4 tengu conjurers
  12 meliai
  2 harpy zombies (Crypt:2)
  10 polar bears
  3 spectral moths of wrath (Zot:5)
  A guardian mummy (Crypt:3)
  A queen bee (D:10)
  7 trolls
  23 tarantellas
  A bloated husk (Swamp:4)
  An ettin zombie (Crypt:1)
  10 tyrant leeches
  14 hornets
  A culicivora zombie (Crypt:1)
  A fire dragon zombie (Crypt:2)
  24 blink frogs
  4 dream sheep (Lair:4)
  An ice dragon zombie (Crypt:2)
  A draconian simulacrum (Zot:5)
  28 slime creatures
  38 jumping spiders
  A centaur simulacrum (D:14)
  4 water elementals
  6 spriggans
  9 flying skulls
  38 yaks
  A shadow (D:12)
  14 small abominations (Abyss:3)
  A ynoxinul (Abyss:3)
  A vampire (D:10)
  12 wraiths
  21 culicivoras
  A tyrant leech zombie (Crypt:2)
  5 wyverns
  A fire elemental (Spider:1)
  An unseen horror simulacrum (D:10)
  3 golden eyes (Abyss:3)
  3 steam dragons
  52 redbacks
  2 basilisks
  11 vampire mosquitoes
  2 wargs
  An acid dragon (D:14)
  14 swamp worms
  An entropy weaver zombie (Crypt:3)
  19 water moccasins
  A two-headed ogre zombie (Crypt:1)
  4 hell hounds (Spider:1)
  3 moth of wrath simulacra (Zot:5)
  2 naga skeletons
  8 ice beasts
  9 swamp drakes
  45 orc warriors
  3 sky beasts
  5 black bears
  6 ogres
  29 wolves
  10 centaurs
  3 phantoms
  3 kobold brigands (D:12)
  2 elf zombies
  3 gnoll sergeants
  2 earth elementals (Swamp:1)
  8 bullfrogs
  3 necrophages
  An elf skeleton (Crypt:3)
  5 scorpions
  34 wights
  A yak zombie (Crypt:1)
  A water moccasin skeleton (Crypt:1)
  An elephant simulacrum (IceCv)
  29 killer bees
  7 howler monkeys
  4 electric eels
  A yak skeleton (Crypt:3)
  4 centaur zombies
  A quasit (Abyss:3)
  7 jellies
  34 orc priests
  A wolf skeleton (Crypt:3)
  Crazy Yiuf (D:6)
  A gnoll bouda (D:7)
  6 hounds
  2 human zombies
  8 starcursed masses (Abyss:3)
  30 orc wizards
  7 hell rats (Lair:5)
  Natasha (D:1)
  2 iguanas
  A black bear skeleton (Crypt:3)
  A boggart skeleton (Crypt:2)
  A deep dwarf skeleton (Crypt:2)
  3 hound zombies
  15 mummies
  19 gnolls
  9 adders
  A shadow imp (D:7)
  2 white imps
  3 ufetubi
  3 adder zombies (Ossuary)
  5 worms
  7 dart slugs
  102 orcs
  2 ball pythons
  7 bats
  5 endoplasms
  5 giant cockroaches
  3 goblins
  2 hobgoblins
  15 jackals
  4 quokkas
  A frilled lizard skeleton (Crypt:3)
  4 gnoll zombies
  6 goblin zombies (Ossuary)
  A hobgoblin zombie (Ossuary)
  A jackal zombie (Ossuary)
  8 kobolds
  9 kobold zombies (Ossuary)
  A quokka zombie (Ossuary)
  7 rats
  5 rat zombies (Ossuary)
1996 creatures vanquished.

Vanquished Creatures (collateral kills)
  A wolf simulacrum (IceCv)
1 creature vanquished.

Vanquished Creatures (others)
  A deep elf high priest (Depths:4)
  An ironbound convoker (Vaults:3)
  A rime drake (D:10)
  3 bloated husks (Swamp:1)
  An earth elemental (Swamp:1)
  6 foxfires (Swamp:2)
  A lurking horror (Abyss:3)
14 creatures vanquished.

Grand Total: 2011 creatures vanquished

Notes
Turn   | Place    | Note
-------+----------+-------------------------------------------
     0 | D:1      | Shard1697 the Draconian Shapeshifter began the quest for
                  | the Orb.
     0 | D:1      | Reached XP level 1. HP: 16/16 MP: 1/1
    79 | D:1      | Reached XP level 2. HP: 20/23 MP: 2/2
   715 | D:1      | Reached XP level 3. HP: 28/28 MP: 3/3
  1236 | D:2      | Found Pavol's Antique Weapon Emporium.
  1243 | D:2      | Reached XP level 4. HP: 35/35 MP: 4/4
  1273 | D:2      | Noticed Natasha
  1362 | D:1      | Killed Natasha
  1796 | D:2      | Reached XP level 5. HP: 44/44 MP: 5/5
  1803 | D:2      | Reached skill level 1 in Polearms
  2181 | D:3      | Found a blossoming altar of Fedhas.
  2308 | D:3      | Found a hide-covered altar of Uskayaw.
  2450 | D:3      | Found a faded altar of an unknown god.
  3249 | D:4      | Noticed an orc warrior
  3275 | D:4      | Gained mutation: You occasionally lose the ability to read
                  | scrolls when taking damage. [potion of mutation]
  3275 | D:4      | Gained mutation: You have a beak for a mouth. [potion of
                  | mutation]
  3596 | D:5      | Entered Level 5 of the Dungeon
  3600 | D:5      | Noticed an ogre
  3690 | D:4      | Noticed an ogre
  3718 | D:4      | Killed an ogre
  3719 | D:4      | Reached XP level 6. HP: 33/52 MP: 6/6
  3921 | D:4      | Found a staircase to the Ecumenical Temple.
  3928 | Temple   | Entered the Ecumenical Temple
  3935 | Temple   | Became a worshipper of Gozag Ym Sagoz the Greedy
  4070 | D:4      | Found an iron altar of Okawaru.
  4076 | D:4      | Found an ornate altar of the Wu Jian Council.
  4281 | D:5      | Your scales start taking on a glossy black colour.
  4281 | D:5      | Reached XP level 7. HP: 60/60 MP: 7/7
  4281 | D:5      | Gained mutation: You are resistant to electric shocks.
                  | (rElec) [Black Draconian growth]
  4425 | D:5      | Found a glowing silver altar of Zin.
  4425 | D:5      | Found a white marble altar of Elyvilon.
  4461 | D:5      | Reached skill level 5 in Polearms
  4499 | D:5      | Reached skill level 5 in Fighting
  4818 | D:5      | Reached XP level 8. HP: 62/70 MP: 8/8
  4944 | D:6      | Found a hazy altar of Hepliaklqana.
  5054 | D:6      | Found a runed translucent door.
  5055 | D:6      | Noticed Crazy Yiuf
  5241 | D:6      | Killed Crazy Yiuf
  5531 | D:6      | Reached XP level 9. HP: 74/79 MP: 9/9
  6766 | D:7      | Noticed Maggie
  6780 | D:7      | Killed Maggie
  6781 | D:7      | Reached skill level 10 in Polearms
  7090 | D:7      | Found a stormy altar of Qazlal.
  7272 | D:7      | Found a radiant altar of Vehumet.
  7664 | D:8      | Found a transporter.
  7664 | D:8      | Noticed holysushi's ghost (novice OpSh)
  7665 | D:8      | Found a transporter.
  7713 | D:8      | Reached XP level 10. HP: 88/91 MP: 10/10
  7787 | D:8      | Found a flagged portal.
  7797 | Bailey   | Entered a bailey
  8037 | Bailey   | Identified the staff "Ytin Gaf" {rPois rF+ rC- Dex+3 Earth
                  | Poison}
  8038 | Bailey   | Identified the +4 helmet of Ranomn {Will+ Slay+2}
  8099 | D:8      | Noticed a lindwurm
  8101 | D:8      | Noticed a lindwurm
  8102 | D:8      | Noticed a lindwurm
  8103 | D:8      | Noticed a lindwurm
  8161 | D:8      | Found a sand-covered staircase.
  8169 | Ossuary  | Entered an ossuary
  8868 | D:9      | Reached skill level 10 in Fighting
  8912 | D:8      | Paralysed by a hornet for 3 turns
  9261 | D:9      | Noticed a sixfirhy
  9587 | D:10     | Entered Level 10 of the Dungeon
  9622 | D:10     | Noticed Psyche
  9626 | D:10     | Killed Psyche
  9659 | D:10     | Noticed a two-headed ogre
  9666 | D:10     | Noticed a gargoyle
  9667 | D:10     | Killed a two-headed ogre
  9681 | D:10     | Killed a gargoyle
  9682 | D:10     | Reached XP level 11. HP: 63/101 MP: 11/11
 10440 | D:10     | Found a bloodstained altar of Trog.
 10931 | D:2      | Bought the +12 glaive of Prune {freeze, Prune} for 1731
                  | gold pieces
 10931 | D:2      | Found the +12 glaive of Prune {freeze, Prune}
 11259 | D:10     | Reached skill level 5 in Dodging
 11605 | D:11     | Found a staircase to the Lair.
 11680 | D:11     | Noticed a two-headed ogre
 11689 | D:11     | Killed a two-headed ogre
 12143 | D:12     | Found a staircase to the Orcish Mines.
 12199 | D:12     | Noticed a red ugly thing
 12218 | D:12     | Killed a red ugly thing
 12222 | D:12     | Reached XP level 12. HP: 43/108 MP: 12/12
 12395 | D:12     | Found Xishrad's General Store.
 12410 | D:12     | Bought a +0 pair of boots for 63 gold pieces
 12497 | D:12     | Noticed Joseph
 12513 | D:12     | Killed Joseph
 12514 | D:12     | Reached skill level 15 in Polearms
 13120 | Orc:1    | Entered Level 1 of the Orcish Mines
 13678 | Orc:1    | Noticed Erica
 13681 | Orc:1    | Killed Erica
 13924 | Orc:2    | Entered Level 2 of the Orcish Mines
 13929 | Orc:2    | Noticed Snorg
 14005 | Orc:2    | Killed Snorg
 14526 | Orc:2    | Noticed an orc high priest
 14615 | Orc:1    | Killed an orc high priest
 15263 | Orc:2    | Reached XP level 13. HP: 115/115 MP: 13/13
 15284 | Orc:2    | Noticed an orc warlord
 15330 | Orc:1    | Killed an orc warlord
 15564 | Orc:2    | Reached skill level 10 in Dodging
 15602 | Orc:2    | Reached skill level 1 in Evocations
 15853 | Orc:2    | Found Kucrycokk's General Store.
 15854 | Orc:2    | Found Careynwyff's Book Boutique.
 15856 | Orc:2    | Found Ytweroip's Antique Armour Boutique.
 15856 | Orc:2    | Found Owi Hot's Antique Weapon Shop.
 15871 | Orc:2    | Bought a scroll of acquirement for 572 gold pieces
 15871 | Orc:2    | Bought a sack of spiders for 440 gold pieces
 15873 | Orc:2    | Acquired the +0 pair of fencer's gloves {Riposte Dex+3}
 15873 | Orc:2    | Found the +0 pair of fencer's gloves {Riposte Dex+3}
 15925 | Orc:2    | Found a staircase to the Elven Halls.
 16417 | Lair:1   | Entered Level 1 of the Lair of Beasts
 16578 | Lair:1   | Identified the +5 orcbow of Charmed Reinforcement {flame,
                  | rC+ Str+3}
 17447 | Lair:2   | Reached skill level 5 in Evocations
 18007 | Lair:3   | Found a runed translucent gate.
 18008 | Lair:3   | Found a runed translucent gate.
 18009 | Lair:3   | Found a runed translucent gate.
 18022 | Lair:3   | Noticed Uleac's ghost (journeyman DsNe)
 18022 | Lair:3   | Noticed Gamaf's ghost (journeyman MiFi)
 18023 | Lair:3   | Noticed Woxeffutu's ghost (journeyman VSBr)
 18023 | Lair:3   | Noticed Gesaczie's ghost (journeyman MiFi)
 18036 | Lair:3   | Found an iron altar of Okawaru.
 18047 | Lair:3   | Found a frozen archway.
 18113 | IceCv    | Entered an ice cave
 18364 | Lair:3   | Found a hole to the Spider Nest.
 18671 | Lair:3   | Gained mutation: Your large and strong wings let you fly.
                  | [Black Draconian growth]
 18671 | Lair:3   | Reached XP level 14. HP: 107/122 MP: 14/14
 19357 | Lair:3   | Found a staircase to the Swamp.
 19420 | Lair:3   | Killed Woxeffutu's ghost
 19434 | Lair:3   | Killed Gesaczie's ghost
 19441 | Lair:3   | Killed Gamaf's ghost
 19444 | Lair:3   | Killed Uleac's ghost
 20161 | Lair:4   | Found a staircase to the Slime Pits.
 20164 | Lair:4   | Found a viscous altar of Jiyva.
 20622 | Lair:5   | Entered Level 5 of the Lair of Beasts
 20682 | Lair:5   | Reached skill level 10 in Evocations
 21272 | Lair:5   | Reached XP level 15. HP: 128/128 MP: 15/15
 21569 | Lair:5   | Identified the +9 long sword "Cantu" {antimagic, Int+2}
 22247 | D:10     | Got the +5 broad axe of the Saviour {freeze, Dex+8}
 23004 | D:13     | Reached skill level 1 in Throwing
 23703 | D:14     | Found a gate to the Vaults.
 23765 | D:14     | Noticed Josephine
 23773 | D:14     | Killed Josephine
 24002 | D:14     | Found a portal to a secret trove of treasure.
 24292 | D:15     | Entered Level 15 of the Dungeon
 24541 | D:15     | Noticed Roxanne
 24783 | D:15     | Found a staircase to the Depths.
 25136 | Spider:1 | Entered Level 1 of the Spider Nest
 25795 | Spider:1 | Gained mutation: Your body sometimes deteriorates upon
                  | taking damage. [mutagenic glow]
 26009 | Spider:1 | Lost mutation: You have a beak for a mouth. [potion of
                  | mutation]
 26009 | Spider:1 | Lost mutation: You occasionally lose the ability to read
                  | scrolls when taking damage. [potion of mutation]
 26009 | Spider:1 | Gained mutation: You expend magic power (3 MP) to
                  | strengthen your wands. [potion of mutation]
 26009 | Spider:1 | Gained mutation: You are covered in fur. (AC +1) [potion of
                  | mutation]
 26009 | Spider:1 | Gained mutation: You have a pair of small antennae on your
                  | head. [potion of mutation]
 26121 | Spider:1 | Reached skill level 5 in Throwing
 26244 | Spider:1 | Noticed Frances
 26265 | Spider:1 | Killed Frances
 26284 | Spider:1 | Noticed Azrael
 26294 | Spider:1 | Killed Azrael
 26299 | Spider:1 | Reached XP level 16. HP: 102/137 MP: 16/16
 27222 | Spider:2 | Noticed Arachne
 27236 | Spider:2 | Killed Arachne
 27854 | Spider:2 | Noticed Jorgrun
 27855 | Spider:2 | Noticed Mlioglotl
 27871 | Spider:2 | Killed Mlioglotl
 27876 | Spider:2 | Killed Jorgrun
 28671 | Spider:3 | Paralysed by a jorogumo for 3 turns
 28882 | Spider:3 | Identified the +1 plate armour "Masuzeudusch" {Str+2}
 29820 | Spider:4 | Entered Level 4 of the Spider Nest
 29990 | Spider:4 | Noticed Agnes
 29998 | Spider:4 | Killed Agnes
 30013 | Spider:4 | Reached XP level 17. HP: 150/150 MP: 17/17
 30925 | Spider:4 | Identified the amulet "Hotwouri" {Harm Will+ Regen+}
 31616 | Spider:4 | Identified the +0 pair of gloves "Geofobli" {Dex+3 Stlth+}
 32087 | Spider:4 | Got a gossamer rune of Zot
 32499 | Swamp:1  | Entered Level 1 of the Swamp
 33965 | Swamp:2  | Reached skill level 15 in Fighting
 34051 | Swamp:2  | You are sucked into a shaft and drop 1 floor!
 34375 | Swamp:3  | Noticed Donald
 34390 | Swamp:3  | Killed Donald
 34760 | Swamp:3  | Identified the +6 hand axe "Juforoz" {freeze, rF- rCorr
                  | Stlth+}
 34808 | Swamp:3  | Noticed Aizul
 34827 | Swamp:3  | Killed Aizul
 35609 | Swamp:4  | Entered Level 4 of the Swamp
 35638 | Swamp:4  | Reached XP level 18. HP: 104/156 MP: 18/18
 36020 | Swamp:3  | Reached skill level 15 in Dodging
 36963 | Swamp:4  | Learned a level 5 spell: Summon Mana Viper
 37197 | Swamp:4  | Got a decaying rune of Zot
 37659 | Vaults:1 | Entered Level 1 of the Vaults
 37736 | Vaults:1 | Reached skill level 1 in Stealth
 38198 | Vaults:1 | Reached skill level 5 in Stealth
 38205 | Vaults:1 | Noticed a lich
 38634 | Vaults:1 | Noticed a lich
 38634 | Vaults:1 | Noticed a dread lich
 38637 | Vaults:1 | Noticed an Ice Fiend
 38684 | Vaults:1 | Killed a lich
 38694 | Vaults:1 | Killed a dread lich
 38765 | Vaults:1 | Killed a lich
 39104 | Vaults:1 | Found a transporter.
 39106 | Vaults:1 | Noticed Gelion's ghost (adept TrSh)
 39114 | Vaults:1 | Found a transporter.
 39845 | Vaults:2 | Identified the +8 short sword of the Transmuting Gods
                  | {heavy, +Blink rN++}
 39923 | Vaults:2 | Identified the ring "Joetuli" {rPois Will+ rCorr Slay+2}
 40071 | Vaults:2 | Found Wiast's Assorted Antiques.
 40328 | Vaults:2 | Noticed Nikola
 40338 | Vaults:2 | Killed Nikola
 40716 | Vaults:2 | Reached XP level 19. HP: 168/174 MP: 19/19
 41631 | Vaults:3 | Identified the +9 scimitar of Patterns {holy, Dex+2}
 42347 | Vaults:3 | Identified the +0 robe of Impressiveness {Drain Int+4
                  | Dex+4}
 42351 | Vaults:3 | Found a staircase to the Crypt.
 43290 | Crypt:1  | Entered Level 1 of the Crypt
 43339 | Crypt:1  | Reached skill level 1 in Shields
 44121 | Crypt:1  | Reached skill level 5 in Shields
 44232 | Crypt:1  | Noticed Sojobo
 44247 | Crypt:1  | Paralysed by an air elemental for 1 turns
 44293 | Crypt:1  | Killed Sojobo
 45970 | Crypt:2  | Found a runed translucent door.
 45970 | Crypt:2  | Noticed Zievuyg's ghost (adept MiFi)
 46016 | Crypt:2  | Reached XP level 20. HP: 163/184 MP: 20/20
 47278 | Crypt:3  | Entered Level 3 of the Crypt
 47318 | Crypt:3  | Reached skill level 10 in Shields
 48943 | Crypt:3  | Noticed a bone dragon
 48959 | Crypt:2  | Killed a bone dragon
 49042 | Crypt:3  | Identified the ring of Doyshriawk {rN+ Int+3}
 49479 | Crypt:3  | Noticed a dread lich
 49479 | Crypt:3  | Noticed a dread lich
 49698 | Crypt:3  | Found a staircase to the Tomb.
 50115 | Vaults:4 | Noticed Mara
 50123 | Vaults:4 | Noticed Shard1697's illusion
 50464 | Vaults:4 | Noticed Shard1697's illusion
 50483 | Vaults:3 | Noticed Shard1697's illusion
 50507 | Vaults:3 | Killed Mara
 50863 | Vaults:4 | Noticed Zenata
 51191 | Vaults:3 | Killed Zenata
 51666 | Vaults:4 | Found a transporter.
 51668 | Vaults:4 | Found Hijaduif's Book Emporium.
 51670 | Vaults:4 | Found a transporter.
 52362 | Depths:1 | Entered Level 1 of the Depths
 52362 | Depths:1 | Noticed Asterion
 52440 | D:15     | Reached skill level 15 in Shields
 52507 | D:15     | Reached XP level 21. HP: 192/192 MP: 21/21
 52536 | D:15     | Killed Asterion
 52924 | Depths:1 | Found Ferchyrph's Blood Bar.
 53195 | Depths:1 | Found a gateway to Hell.
 53330 | Depths:1 | Found a one-way gateway to a ziggurat.
 53734 | Depths:1 | Noticed Bai Suzhen
 53755 | Depths:1 | Killed Bai Suzhen
 53957 | Depths:1 | Reached skill level 15 in Evocations
 53992 | Depths:1 | Found a shimmering altar of Xom.
 53993 | Depths:1 | Found a shimmering altar of Xom.
 53996 | Depths:1 | Found a shimmering altar of Xom.
 55140 | Depths:2 | Found a one-way gate to the infinite horrors of the Abyss.
 55375 | Depths:2 | Identified the +0 chain mail of Zin's Approval {rElec Int+3
                  | Dex-3 Stlth+}
 55494 | Depths:2 | Found a one-way gate leading to the halls of Pandemonium.
 55743 | Depths:3 | Found a transporter.
 56332 | Depths:3 | Noticed a caustic shrike
 56344 | Depths:3 | Killed a caustic shrike
 56557 | Depths:3 | Found a transporter.
 56557 | Depths:3 | Found a corrupted altar of Lugonu.
 56637 | Depths:4 | Entered Level 4 of the Depths
 56641 | Depths:4 | Identified the ring "Aveamimm" {rC+ Dex+6}
 56665 | Depths:4 | Found a magical portal.
 56728 | WizLab   | Entered Wucad Mu's Monastery
 56973 | WizLab   | Found the crystal ball of Wucad Mu {*channel}
 57010 | WizLab   | Reached XP level 22. HP: 203/203 MP: 22/22
 57321 | Depths:4 | Found a sacrificial altar of Ru.
 57619 | Depths:4 | Reached XP level 23. HP: 138/211 MP: 23/23
 57838 | Depths:4 | Found a gate to the Realm of Zot.
 58170 | Depths:4 | Found Woeleill's Magic Scroll Shoppe.
 58176 | Depths:4 | Bought a scroll of fog for 44 gold pieces
 58176 | Depths:4 | Bought a scroll of enchant armour for 82 gold pieces
 58176 | Depths:4 | Bought a scroll of teleportation for 33 gold pieces
 58176 | Depths:4 | Bought a scroll of enchant armour for 82 gold pieces
 58176 | Depths:4 | Bought a scroll of fog for 44 gold pieces
 58607 | Depths:3 | Voluntarily entered the Abyss.
 59094 | Abyss:3  | Got an abyssal rune of Zot
 59106 | Abyss:3  | Paralysed by accursed screaming for 2 turns
 59134 | Depths:3 | Escaped the Abyss
 59280 | Zot:1    | Entered Level 1 of the Realm of Zot
 60525 | Zot:2    | Identified the +0 chain mail of the Buccaneer {Int+3 SInv}
 61028 | Zot:4    | Noticed a curse toe
 61040 | Zot:4    | Killed a curse toe
 61091 | Zot:4    | Reached XP level 24. HP: 200/218 MP: 23/23
 61142 | Zot:4    | Noticed Parghit
 61185 | Zot:4    | Killed Parghit
 61227 | Zot:4    | Found the +4 dragonskin cloak
 61227 | Zot:4    | Noticed Tiamat
 61259 | Zot:4    | Identified the +2 broad axe of the Hills {vamp, Fragile
                  | Str+8}
 61537 | Zot:4    | Noticed a Killer Klown
 61583 | Zot:4    | Killed a Killer Klown
 61718 | Zot:4    | Acquired a manual of Throwing
 62159 | Zot:4    | Killed Tiamat
 62280 | Zot:5    | Entered Level 5 of the Realm of Zot
 62496 | Zot:5    | Found a runed translucent gate.
 62496 | Zot:5    | Found a runed translucent gate.
 62497 | Zot:5    | Found a runed translucent gate.
 62500 | Zot:5    | Noticed an ancient lich
 62500 | Zot:5    | Noticed derpindaisy's ghost (veteran MiFi)
 62596 | Zot:5    | Killed an ancient lich
 62629 | Zot:5    | Killed derpindaisy's ghost
 62691 | Zot:5    | Identified the +0 helmet "Uroutog" {rElec rPois rN++
                  | Slay-4}
 62694 | Zot:5    | Got the Handbook of the Cemetery and the Iceberg
 63630 | Zot:5    | Noticed an ancient lich
 63677 | Zot:5    | Killed an ancient lich
 63823 | Zot:5    | Noticed an orb of fire
 63830 | Zot:5    | Gained mutation: You are clumsy. (Dex -2) [an orb of fire]
 63840 | Zot:5    | Noticed a dread lich
 63841 | Zot:5    | Killed an orb of fire
 63843 | Zot:5    | Noticed an orb of fire
 63845 | Zot:5    | Gained mutation: You occasionally lose the ability to drink
                  | potions when taking damage. [an orb of fire]
 63852 | Zot:5    | Killed a dread lich
 63860 | Zot:5    | Gained mutation: Your body often deteriorates upon taking
                  | damage. [an orb of fire]
 63861 | Zot:5    | Killed an orb of fire
 63868 | Zot:5    | Noticed a Killer Klown
 63872 | Zot:5    | Noticed an ancient lich
 63875 | Zot:5    | Noticed an orb of fire
 63876 | Zot:5    | Killed a Killer Klown
 63878 | Zot:5    | Noticed an orb of fire
 63886 | Zot:5    | Killed an ancient lich
 63888 | Zot:5    | Lost mutation: Your body often deteriorates upon taking
                  | damage. [an orb of fire]
 63891 | Zot:5    | Gained mutation: You are dopey. (Int -2) [an orb of fire]
 63910 | Zot:5    | Killed an orb of fire
 63910 | Zot:5    | Gained mutation: You sometimes lose your temper in combat.
                  | [an orb of fire]
 63921 | Zot:5    | Killed an orb of fire
 64205 | Zot:4    | Lost mutation: You occasionally lose the ability to drink
                  | potions when taking damage. [potion of mutation]
 64205 | Zot:4    | Lost mutation: You are dopey. (Int -2) [potion of mutation]
 64205 | Zot:4    | Gained mutation: You are weak. (Str -2) [potion of
                  | mutation]
 64206 | Zot:4    | Lost mutation: You are covered in fur. (AC +1) [potion of
                  | mutation]
 64206 | Zot:4    | Lost mutation: Your body sometimes deteriorates upon taking
                  | damage. [potion of mutation]
 64206 | Zot:4    | Lost mutation: You are clumsy. (Dex -2) [potion of
                  | mutation]
 64206 | Zot:4    | Gained mutation: Your flesh is cold resistant. (rC+)
                  | [potion of mutation]
 64308 | Zot:4    | Reached XP level 25. HP: 162/231 MP: 23/23
 64382 | Zot:5    | Noticed a Killer Klown
 64412 | Zot:4    | Killed a Killer Klown
 64509 | Zot:5    | Noticed an orb of fire
 64517 | Zot:5    | Gained mutation: Your spells are a little easier to cast,
                  | but a little less powerful. [an orb of fire]
 64528 | Zot:5    | Killed an orb of fire
 64571 | Zot:4    | Lost mutation: You have a pair of small antennae on your
                  | head. [potion of mutation]
 64571 | Zot:4    | Lost mutation: You expend magic power (3 MP) to strengthen
                  | your wands. [potion of mutation]
 64571 | Zot:4    | Gained mutation: Your flesh is heat resistant. (rF+)
                  | [potion of mutation]
 64572 | Zot:4    | Lost mutation: You are weak. (Str -2) [potion of mutation]
 64572 | Zot:4    | Lost mutation: You sometimes lose your temper in combat.
                  | [potion of mutation]
 64572 | Zot:4    | Lost mutation: Your spells are a little easier to cast, but
                  | a little less powerful. [potion of mutation]
 64572 | Zot:4    | Gained mutation: You are frail. (-10% HP) [potion of
                  | mutation]
 64572 | Zot:4    | Gained mutation: You are dopey. (Int -2) [potion of
                  | mutation]
 64572 | Zot:4    | Gained mutation: Your spells are a little harder to cast,
                  | but a little more powerful. [potion of mutation]
 64644 | Zot:5    | Noticed an ancient lich
 64658 | Zot:5    | Killed an ancient lich
 64743 | Zot:5    | Noticed a dread lich
 64750 | Zot:5    | Killed a dread lich
 64846 | Zot:5    | Got the Orb of Zot
 64897 | Zot:5    | Noticed a seraph
 65502 | D:$      | Escaped with the Orb!

Illustrated notes

Levels and vault maps discovered:
D:1:      lemuel_arrival_rhombus, layout_basic
D:2:      layout_loops_cross, serial_shops, shop, uniq_natasha
D:3:      layout_loops_ring, mainiacjoe_overflow_surrounded_room,
          fedhas_ov_isle_minmay, ebering_ecumenical_altar_mist,
          roderic_serpentine_path
D:4:      layout_loops_ring, minitemple, minmay_temple_entry_mini_moons
D:5:      layout_cave_pools, nicolae_overflow_two_pavilions
D:6:      layout_rooms, mainiacjoe_overflow_boulevard, serial_rivers,
          chequers_serial_rivers_large_b, chequers_serial_rivers_room_b,
          chequers_serial_rivers_marsh, chequers_serial_rivers_micro_d,
          uniq_crazy_yiuf_cottage
D:7:      layout_loops_ring, nicolae_vehumet_altar_sigil,
          general_overflow_altar, serial_co_window_serial, co_window_paths_a,
          co_window_paths_a, co_window_paths_a, co_window_of_opportunity_a,
          co_window_paths_b, co_window_corner_a, co_window_corner_a,
          co_window_broadway_b, co_window_unsneaky_path_b, co_window_corner_b,
          co_window_sun, co_window_4corner_a, uniq_maggie
D:8:      layout_loops_ring, enter_bailey_1, gammafunk_ghost_smash,
          lightli_ossuary_entry_decrepit_ruins, minmay_lindwurm_lava
D:9:      layout_big_octagon
D:10:     minmay_coctagon, layout_loops_ring, mainiacjoe_overflow_alcove_1,
          special_room [special_room_bee], uniq_psyche
D:11:     layout_irregular_city, hellmonk_lair_entry_icy
D:12:     layout_basic, hiddenorc1_lemuel, serial_shops, shop,
          minmay_sticks_and_stones
D:13:     layout_cave_pods
D:14:     layout_long_grid, david_vaults_1, nicolae_trove_entry_crystal,
          uniq_josephine
D:15:     gammafunk_enter_depths_forms, layout_rooms, uniq_roxanne
Temple:   nicolae_temple_no_exploring_needed
Lair:1:   layout_hall_layers, serial_bayou_pond_d, lemuel_fruit_tree
Lair:2:   layout_chaotic_city, serial_bayou_shore_a
Lair:3:   layout_gridlike, palyth_hydra_swamp_entry,
          nicolae_spider_entry_non_spiders, gammafunk_ghost_cemetery,
          basic_altar, portal_ice_cave_entry_animals_and_master, minivault_26
Lair:4:   layout_regular_city, nicolae_slime_entry_field_trip,
          gammafunk_lair_bear_cave
Lair:5:   grunt_lair_end_beastmaster, layout_loops_ring,
          nicolae_lair_lakeside_cave
Swamp:1:  layout_basic_swamp, evilmike_swamp_ruin_house_6,
          nzn_swamp_blast_mining
Swamp:2:  layout_basic_swamp, hangedman_swamp_ruin_wall
Swamp:3:  nicolae_swamp_ascending_descending_big, layout_falls_marsh,
          nicolae_swamp_orc_logging_accident, infiniplex_staircase_pool_2,
          uniq_donald, uniq_aizul
Swamp:4:  swamp_alternative, layout_basic_swamp, swamp_pool1,
          cheibrodos_swamp_witchery
Spider:1: layout_spider_delve, uniq_frances, uniq_azrael
Spider:2: layout_chambers, worms_lemuel, uniq_arachne, uniq_mlioglotl,
          uniq_jorgrun
Spider:3: layout_spider_delve
Spider:4: spider_rune_water, hellmonk_motheaten_closet, uniq_agnes
Orc:1:    layout_caves, uniq_erica
Orc:2:    st_orc_congregation, layout_caves, uniq_snorg
Vaults:1: gammafunk_ghost_mausoleum, nicolae_vaults_tetromino_Z_2,
          nicolae_vaults_little_ls, vaults_dpeg_emergency_exit,
          vaults_room_hallway, ontoclasm_vaults_eye, ontoclasm_vaults_pinch,
          nicolae_vaults_tetromino_T_2, layout_vaults_omnicross
Vaults:2: nicolae_vaults_border_crossing, nicolae_vaults_diamond_1,
          hangedman_vaults_trim, v_alt_pattern_3, nicolae_vaults_alarming,
          nicolae_vaults_mini_display_case, nicolae_vaults_wine_cellar,
          nicolae_vaults_ring_of_whatevers, layout_vaults_omnigrid,
          serial_shops, nicolae_shop_behind_doors, uniq_nikola
Vaults:3: ontoclasm_vaults_gallery, ontoclasm_vaults_decontamination,
          grunt_vaults_trifunnel, ontoclasm_vaults_hangar,
          minmay_crypt_entry_simple_plaza, nicolae_vaults_storage_room_water,
          vaults_dpeg_encased_lava, ontoclasm_vaults_spin,
          nicolae_vaults_lightning_bolt, vaults_room_fancy_cross,
          vaults_room_grunt_arrival_checkpoint, v_misc_18,
          hangedman_vaults_stream, layout_vaults_omnibox
Vaults:4: nicolae_vaults_gold_heap, hangedman_vaults_stretched_pinwheel,
          vaults_room_boxed, nicolae_vaults_storage_closets_3, v_alt_pattern_3,
          grunt_vaults_bifocal, v_misc_28, v_misc_17, vaults_mumra_minichess,
          nicolae_vaults_network_periphery, vaults_room_fancy_cross,
          nicolae_vaults_trapezoid_3, layout_vaults_maze_bifur, serial_shops,
          nicolae_shop_drivethru, uniq_mara, uniq_zenata
Crypt:1:  layout_basic, uniq_sojobo
Crypt:2:  layout_rooms, hellmonk_ghost_happy_afterlife, st_small_mortuary
Crypt:3:  david_glass_crypt, layout_misc_corridors,
          nicolae_tomb_entry_unfolded_pyramid_orthogonal, uniq_margery
Depths:1: layout_gridlike, enter_ziggurat_f, xom_redecorated, hell_entry,
          guppyfry_shop_blood, uniq_asterion, uniq_bai_suzhen
Depths:2: grunt_twist_and_shout, layout_gridville, grunt_pan_entry_sceptre,
          pf_hell_entry_tar_river, abyss_entry, minmay_hedge_maze,
          grunt_ministairs_4, minmay_staircase_windowed_large
Depths:3: gammafunk_corrupted_shrine, layout_cave_pools, abyss_entry,
          grunt_mini_vestibule, minmay_holes, chequers_serial_rivers_micro_c,
          serial_bayou_pond_b
Depths:4: grunt_x_marks_the_spot, layout_gridlike,
          lightli_enter_wizlab_magi_temple, hell_entry, serial_shops, shop,
          old_standard_altar, minmay_misc_feat_diagonals
Zot:1:    layout_misc_corridors
Zot:2:    layout_gridville
Zot:3:    layout_onion, grunt_ministairs_3
Zot:4:    lemuel_draconian_sentries_small, layout_basic, uniq_parghit,
          uniq_josephina, uniq_tiamat
Zot:5:    layout_gridlike, gammafunk_ghost_necromancy, st_stairs_6,
          skrybe_zot_glass_1

Skill      XL: |  1  2  3  4  5  6  7  8  9 10 11 12 13 14 15 16 17 18 19 20 21 22 23 24 25 |
---------------+----------------------------------------------------------------------------+-----
Unarmed Combat | 4 |  4.9
Fighting       | 2 3 4 5 7 9 10 11 13 15 16 17 18 19 20 | 20.3
Polearms       | 3 4 6 8 11 13 14 16 18 19 20 22 | 22.2
Dodging        | 6 9 10 12 13 14 15 16 18 21 22 | 22.7
Evocations     | 7 10 12 13 14 15 16 | 16.3
Throwing       | 5 8 |  8.8
Stealth        | 7 |  7.8
Shields        | 8 15 16 | 16.9
Shapeshifting  | |  3.0

Action                     |  1- 3 |  4- 6 |  7- 9 | 10-12 | 13-15 | 16-18 | 19-21 | 22-24 | 25-27 || total
---------------------------+-------+-------+-------+-------+-------+-------+-------+-------+-------++-------
  Melee: Unarmed           |    79 |    16 |       |       |       |       |       |       |       ||    95
         Tailslap          |     7 |    29 |    44 |    80 |   174 |   275 |   723 |   356 |    34 ||  1722
         Punch             |     1 |     1 |       |       |     3 |    15 |       |       |       ||    20
         Spear             |       |   195 |       |       |       |       |       |       |       ||   195
         Trident           |       |    99 |   320 |       |       |       |       |       |       ||   419
         Peck              |       |    23 |    65 |   110 |   226 |       |       |       |       ||   424
         Lance             |       |       |    83 |   484 |   106 |   234 |  2128 |  1235 |   188 ||  4458
         Glaive            |       |       |       |   365 |   945 |  1075 |   262 |       |       ||  2647
         Broad axe         |       |       |       |       |       |       |     8 |    13 |       ||    21
  Throw: Dart              |       |     9 |       |       |       |       |       |       |       ||     9
 Invoke: Potion Petition   |       |       |       |       |     1 |     2 |     1 |     8 |     1 ||    13
Ability: Breathe Lightning |       |       |     1 |     2 |     1 |       |       |       |       ||     4
         Evoke Blink       |       |       |       |       |       |       |       |     3 |     7 ||    10
  Evoke: Wand              |       |       |     6 |       |     4 |    13 |     3 |     8 |     1 ||    35
         Tin of tremorston |       |       |       |       |     1 |       |       |       |       ||     1
    Use: Potion            |     1 |     7 |     2 |     3 |     2 |     5 |    10 |     7 |     7 ||    44
         Scroll            |       |       |    12 |     6 |     1 |    21 |    12 |    13 |     4 ||    69
   Stab: Sleeping          |     1 |     2 |     1 |     3 |     5 |     8 |    18 |    11 |       ||    49
         Distracted        |       |       |     2 |     5 |    16 |    15 |    29 |    14 |     1 ||    82
         Petrified         |       |       |       |       |     6 |       |       |       |       ||     6
         Confused          |       |       |       |       |       |     4 |       |       |       ||     4
         Invisible         |       |       |       |       |       |       |       |    16 |       ||    16
 Armour: Skin              |    29 |   125 |    97 |   192 |   125 |   200 |   220 |   107 |    13 ||  1108
  Dodge: Dodged            |    38 |   159 |   235 |   556 |   625 |  1222 |  1016 |   534 |    77 ||  4462
  Block: Buckler           |       |    43 |    69 |    41 |       |       |       |       |       ||   153
         Other             |       |       |       |       |    38 |   220 |    21 |       |       ||   279
         Reflection        |       |       |       |       |       |     6 |    33 |     1 |       ||    40
         Kite shield       |       |       |       |       |       |       |  1368 |   583 |   108 ||  2059
Riposte: Glaive            |       |       |       |       |   127 |   199 |    45 |       |       ||   371
         Lance             |       |       |       |       |     6 |    40 |   594 |   268 |    46 ||   954
         Broad axe         |       |       |       |       |       |       |    17 |     8 |       ||    25
         Form:             |       |     1 |       |       |       |       |       |       |       ||     1

Table legend: (Time is in decaauts)
 A = Elapsed time spent in this place.
 B = Non-inter-level travel time spent in this place.
 C = Inter-level travel time spent in this place.
 D = Time resting spent in this place.
 E = Time spent auto-exploring this place.
 F = Levels seen in this place.
 G = Mean time per level.
                   A        B        C        D        E       F      G
               +--------+--------+--------+--------+--------+-----+--------+
         Total |  63138 |  58676 |   4462 |  13217 |  29809 |  54 | 1169.2 |
       Dungeon |  16576 |  14897 |   1679 |   2320 |   8731 |  15 | 1105.1 |
        Temple |     23 |     23 |      0 |      0 |      0 |   1 |   23.0 |
          Lair |   6430 |   5704 |    726 |    647 |   3698 |   5 | 1286.0 |
         Swamp |   4548 |   4316 |    232 |   1564 |   1764 |   4 | 1137.0 |
   Spider Nest |   7105 |   6877 |    228 |   1701 |   3583 |   4 | 1776.2 |
  Orcish Mines |   2714 |   2640 |     74 |   1014 |    925 |   2 | 1357.0 |
        Vaults |   7990 |   7378 |    612 |   1889 |   3952 |   4 | 1997.5 |
         Crypt |   6187 |   6041 |    146 |   2395 |   2142 |   3 | 2062.3 |
        Depths |   5627 |   5155 |    472 |    655 |   3305 |   4 | 1406.8 |
           Zot |   4606 |   4317 |    289 |   1005 |   1494 |   5 |  921.2 |
         Abyss |    423 |    423 |      0 |      0 |      0 |   3 |  141.0 |
       Ossuary |    268 |    268 |      0 |      0 |    147 |   1 |  268.0 |
        Bailey |    271 |    271 |      0 |      0 |      0 |   1 |  271.0 |
      Ice Cave |     12 |     12 |      0 |      0 |      0 |   1 |   12.0 |
        Wizlab |    351 |    351 |      0 |     24 |     66 |   1 |  351.0 |
               +--------+--------+--------+--------+--------+-----+--------+

Top non-repeatable levels by time:
 Crypt:2: 2580 daAuts
 Crypt:1: 2381 daAuts
Spider:4: 2350 daAuts
Vaults:3: 2350 daAuts
Vaults:2: 2239 daAuts
  Lair:3: 1982 daAuts
 Swamp:3: 1967 daAuts
Spider:2: 1965 daAuts
Vaults:1: 1858 daAuts
Depths:4: 1724 daAuts
   Zot:4: 1706 daAuts
    D:12: 1668 daAuts
   Orc:1: 1643 daAuts
Vaults:4: 1541 daAuts
Depths:1: 1538 daAuts
